 Dungeon Crawl Stone Soup version 0.21-a0-632-g1e37ce5 (webtiles) character file.

340 TheGoonsmith the Firebug (level 6, 0/67 HPs)
             Began as a Hill Orc Fire Elementalist on Dec 27, 2017.
             Was an Initiate of Okawaru.
             Slain by a phantom (2 damage)
             ... on level 4 of the Dungeon.
             The game lasted 00:06:57 (3737 turns).

TheGoonsmith the Firebug (HOFE)                     Turns: 3737, Time: 00:06:57

Health: 0/67       AC: 23    Str: 12    XL:     6   Next: 56%
Magic:  0/19       EV:  2    Int: 16    God:    Okawaru [......]
Gold:   150        SH:  0    Dex: 11    Spells: 6/11 levels left

rFire    . . .     SeeInvis .   n - +3 short sword (holy)
rCold    . . .     Gourm    .   (no shield)
rNeg     + + +     Faith    .   (armour currently unavailable)
rPois    +         Spirit   .   (helmet currently unavailable)
rElec    .         Reflect  .   (cloak currently unavailable)
rCorr    .         Harm     .   (gloves currently unavailable)
MR       .....     NoTele   +   (boots currently unavailable)
Stlth    ++........             (no amulet)
HPRegen  0.21/turn              s - ring of magical power
MPRegen  0.16/turn              (no ring)

@: tree-form, very slightly contaminated
A: no striking features
a: Renounce Religion


You were on level 4 of the Dungeon.
You worshipped Okawaru.
Okawaru was noncommittal.
You were hungry.
You were a tree.
You visited 1 branch of the dungeon, and saw 4 of its levels.

You collected 164 gold pieces.
You spent 14 gold pieces at shops.

Inventory:

Hand Weapons
 d - a +0 dagger
 n - a +3 short sword of holy wrath (weapon)
Armour
 a - a +0 robe (melded)
 f - a +0 shield
 j - a +0 ring mail
 w - a +0 pair of gloves (melded)
Jewellery
 g - an uncursed amulet of magic regeneration {unknown}
 m - an uncursed ring of flight
 s - a ring of magical power (left branch)
 u - an uncursed ring of ice
Scrolls
 e - a scroll of immolation
 h - 2 scrolls of blinking
 i - a scroll of enchant armour {unknown}
 k - 2 scrolls of teleportation
 l - 3 scrolls of remove curse
 v - a scroll of magic mapping {unknown}
Potions
 o - a potion of agility
 p - 2 potions of haste
 q - a potion of degeneration
 t - a potion of lignification
Books
 b - a book of Flames

   Spells                             Type                      Level
   a - Flame Tongue                   Conjuration/Fire             1
   b - Throw Flame                    Conjuration/Fire             2
   c - Conjure Flame                  Conjuration/Fire             3
   d - Inner Flame                    Hexes/Fire                   3
   e - Sticky Flame                   Conjuration/Fire             4
   f - Fireball                       Conjuration/Fire             5
Comestibles
 c - 7 rations


   Skills:
 - Level 1.5 Dodging
 - Level 1.5 Stealth
 - Level 3.1 Spellcasting
 + Level 3.7 Conjurations
 + Level 5.3 Fire Magic


You had 6 spell levels left.
You knew the following spells:

 Your Spells              Type           Power        Failure   Level  Hunger
a - Flame Tongue          Conj/Fire      ###..        2%          1    #......
b - Sticky Flame          Conj/Fire      ###.....     28%         4    #####..


Dungeon Overview and Level Annotations

Branches:
Dungeon (4/15)             Temple (0/1) D:4

Altars:
Okawaru

Shops:
D:4 [!


Message History

The phantom barely misses you. The phantom hits you.
* * * LOW HITPOINT WARNING * * *
The phantom blinks!
You turn into a tree.
Your +0 pair of gloves melds into your body.
Your +0 robe melds into your body.
Your roots penetrate the ground.
The phantom hits you but does no damage.
You closely miss the phantom.
The phantom is heavily damaged.
The phantom hits you but does no damage.
You hit the phantom.
The phantom convulses.
The phantom is severely damaged.
The phantom hits you but does no damage.
Casting: Flame Tongue
Confirm with . or Enter, or press ? or * to list all spells.
Aiming: Flame Tongue
Press: ? - help, Shift-Dir - straight line, f/p - phantom
Aim: a phantom (severely damaged)
The flame tongue misses the phantom.
The phantom hits you.
You die...

#.#.##..###....####.#..........
#..........g........######.....
...:#)......>.##...# #.####
#........W........# #.# #
#.##.###..##.##..## #.# #
#......##)##..# #(#
......#.##†##..# #.#
#######.##.##..# #.#
#.##♣##..### #.# ..##.W......
####..###### #.... ######


You could see a phantom.

Vanquished Creatures
  A centaur (D:4)
  A scorpion (D:4)
  A worker ant (D:4)
  4 gnolls (D:4)
  5 adders
  2 oozes
  4 worms (D:2)
  A dart slug (D:1)
  2 leopard geckos
  An orc (D:4)
  5 bats
  5 giant cockroaches
  7 goblins
  10 hobgoblins
  3 jackals (D:3)
  5 quokkas
  2 ball pythons
  9 frilled lizards
  8 kobolds
  12 rats
88 creatures vanquished.

Notes
Turn   | Place    | Note
-------+----------+-------------------------------------------
     0 | D:1      | TheGoonsmith the Hill Orc Fire Elementalist began the quest for the Orb.
     0 | D:1      | Reached XP level 1. HP: 14/14 MP: 3/3
    80 | D:1      | Reached XP level 2. HP: 17/20 MP: 1/4
   377 | D:1      | Reached XP level 3. HP: 26/26 MP: 3/6
  1121 | D:2      | Reached skill level 4 in Fire Magic
  1126 | D:2      | Reached XP level 4. HP: 24/33 MP: 0/7
  1473 | D:2      | Found an iron altar of Okawaru.
  1498 | D:2      | Became a worshipper of Warmaster Okawaru
  1881 | D:2      | Learned a level 4 spell: Sticky Flame
  2661 | D:3      | Reached XP level 5. HP: 38/38 MP: 6/8
  3066 | D:4      | Found Lucu's Armour Shop.
  3420 | D:4      | Found a staircase to the Ecumenical Temple.
  3451 | D:4      | Found Ixishrak's Distillery.
  3456 | D:4      | Bought a potion of degeneration for 14 gold pieces
  3634 | D:4      | Reached XP level 6. HP: 45/45 MP: 10/10
  3681 | D:4      | Noticed a phantom
  3686 | D:4      | Reached skill level 5 in Fire Magic
  3733 | D:4      | HP: 1/45 [phantom (4)]
  3737 | D:4      | Slain by a phantom

Vault maps used:
D:1:      lightli_arrival_statue_moat, minmay_misc_feat_rows
D:2:      kennysheep_flooded_box
D:3:      minivault_26
D:4:      cheibriados_altar_1, minmay_temple_entry_crystal_x, first_ration,
          serial_shops, shop, shop, shop, shop

Skill      XL: |  1  2  3  4  5  6 |
---------------+-------------------+-----
Spellcasting   | 2 3 |  3.1
Conjurations   | 2 3 |  3.7
Fire Magic     | 4 5 |  5.3
Dodging        | |  1.5
Stealth        | |  1.5

Action                   |  1- 3 |  4- 6 || total
-------------------------+-------+-------++-------
Melee: Unarmed           |    25 |       ||    25
       Dagger            |    30 |     5 ||    35
       Short sword       |       |     8 ||     8
 Cast: Flame Tongue      |    54 |   122 ||   176
  Use: Scroll            |       |     9 ||     9
       Potion            |       |     3 ||     3
  Eat: Chunk             |     2 |     8 ||    10
Armor: Robe              |    11 |     7 ||    18
       Ring mail         |    10 |       ||    10
       Skin              |       |     3 ||     3
Dodge: Dodged            |    50 |    31 ||    81

Table legend:
 A = Spawn XP
 B = Non-spawn XP
 C = Spawn XP percentage of total XP
 D = Spawn monster count
 E = Non-spawn monster count
 F = Spawn count percentage of total count
 G = Total turns spent on level
                    A         B        C        D         E        F      G
               +---------+---------+-------+---------+---------+-------+---------
         Total |       0 |     486 |   0.0 |       0 |      88 |   0.0 |  3737
               +---------+---------+-------+---------+---------+-------+---------
           D:1 |       0 |      53 |   0.0 |       0 |      31 |   0.0 |   934
           D:2 |       0 |      81 |   0.0 |       0 |      25 |   0.0 |  1195
           D:3 |       0 |      59 |   0.0 |       0 |      21 |   0.0 |   946
           D:4 |       0 |     293 |   0.0 |       0 |      11 |   0.0 |   662
               +---------+---------+-------+---------+---------+-------+---------
